 Dungeon Crawl Stone Soup version 0.28.0 (webtiles) character file.

Game seed: 14645252034556808373

410 AmazingTV the Covered (level 6, -1/55 HPs)
             Began as a Minotaur Fighter on Mar 20, 2024.
             Slain by an ogre (27 damage)
             ... on level 4 of the Dungeon.
             The game lasted 00:06:07 (2308 turns).

AmazingTV the Covered (Minotaur Fighter)            Turns: 2308, Time: 00:06:07

Health: -1/55      AC:  7    Str: 22    XL:     6   Next: 58%
Magic:  5/5        EV: 10    Int:  5    God:
Gold:   167        SH:  5    Dex: 10    Spells: 5/5 levels left

rFire   x . .      SeeInvis .   a - +0 war axe {axe}
rCold   + . .      Faith    .   c - +0 buckler
rNeg    . . .      Spirit   .   b - +0 scale mail
rPois   .          Reflect  .   (helmet restricted)
rElec   .          Harm     +   f - scarf {harm}
rCorr   .          Rampage  .   (no gloves)
Will    .....                   (no boots)
Stlth   ..........              (no amulet)
HPRegen 0.18/turn               e - ring of wizardry
MPRegen 0.09/turn               p - ring of ice

@: no status effects
A: horns 2, retaliatory headbutt
a: no special abilities


You were on level 4 of the Dungeon.
You visited 1 branch of the dungeon, and saw 4 of its levels.

You collected 167 gold pieces.


Innate Abilities, Weirdness & Mutations

You have a pair of horns on your head.
You reflexively headbutt those who attack you in melee.


   Skills:
 + Level 4.8 Fighting
 + Level 4.0(4.6) Axes
 + Level 3.2(4.1) Maces & Flails
 + Level 5.0 Armour
 + Level 2.7 Dodging
 + Level 4.9 Shields


You had 5 spell levels left.
You didn't know any spells.
Your spell library contained the following spells:

 Spells                   Type           Power      Damage    Failure   Level
 Gell's Gravitas          Tloc           0%         N/A       87%         3
 Lesser Beckoning         Tloc           0%         N/A       87%         3
 Teleport Other           Tloc           0%         N/A       87%         3

Inventory:

Hand Weapons
 a - a +0 war axe (weapon) {axe}
 x - a +0 short sword of venom {short}
   (You found it on level 3 of the Dungeon)
Missiles
 i - 91 stones (quivered)
 o - 4 poisoned darts
 r - 20 sling bullets
 s - 57 arrows
 t - 34 bolts
Armour
 b - a +0 scale mail (worn)
 c - a +0 buckler (worn)
 f - a scarf of harm (worn)
   (You found it on level 1 of the Dungeon)
 l - a +0 robe of cold resistance
   (You took it off Sigmund on level 2 of the Dungeon)
Jewellery
 e - a ring of wizardry (left hand)
   (You found it on level 1 of the Dungeon)
 p - a ring of ice (right hand)
   (You found it on level 3 of the Dungeon)
Scrolls
 g - a scroll of fear {unknown}
 h - 2 scrolls of teleportation {unknown}
 k - a scroll of magic mapping {unknown}
 q - a scroll of fog {unknown}
 v - 2 scrolls of identify {unknown}
Potions
 d - a potion of might
 j - 2 potions of curing {unknown}
 m - a potion of degeneration {unknown}
 n - a potion of lignification {unknown}
 u - a potion of berserk rage {unknown}
 w - a potion of brilliance {unknown}
 z - a potion of heal wounds {unknown}

Dungeon Overview and Level Annotations

Branches:
Dungeon (4/15)
 Temple: D:4-7

Altars:
Kikubaaqudgha
Qazlal

..... ....
########...
#......#..#
#......#..#
#......#..#
#......#..##
#......#.@.#
+......#.#O#
#.......##oow
...##+#.#
wJ:.#.## ..
#....# [?.[#..
..# #....#
$[.!#.#..#
#....##...##.#.#
#.....#####....#
#..###.......#


You could see an ogre, a worm, a dart slug, 2 orcs and an endoplasm.


Message History

s - 35 arrows (gained 20)
Found a stone staircase leading up.
No target in view!
u - a smoky golden potion An adder comes into view.
Found a stone staircase leading down.
The adder closely misses you. You furiously retaliate!
You headbutt the adder!
You kill the adder!
No target in view!
Found a stone staircase leading up.
No target in view!
v - a scroll labelled GAUFOPEEXT
w - a red potion An adder comes into view.
The adder hisses angrily.
You closely miss the adder. Your headbutt misses the adder.
The adder bites you. 😕 HP[-2]
You take 2 damage, and now have 51/53 hp.
You slash the adder!
You kill the adder!
x - a +0 short sword of venom {short} 😎 HP[+2]
Your hp is fully restored (53).
Found a stone staircase leading down.
You now have 167 gold pieces (gained 16).
There is a stone staircase leading up here.
There is a stone staircase leading down here.
Partly explored, can't reach some places.
Partly explored, can't reach some places.
There is a stone staircase leading down here.
You climb downwards.
There is a stone staircase leading up here.
You pick up a book of Displacement and begin reading...
You add the spells Lesser Beckoning, Gell's Gravitas and Teleport Other to your library.
You open the door.
There is an open door here.
You open the door.
There is an open door here.
v - 2 scrolls labelled GAUFOPEEXT (gained 1)
s - 57 arrows (gained 22)
z - a white potion You open the door.
A ball python, 2 orcs, a phantom, a worm, an ogre, a dart slug and 2 endoplasms come into view.
The orc shouts!
The ball python hisses angrily.
The ogre shouts!
The endoplasm quivers. x2
The ball python bites you but does no damage.
The ball python closely misses you.
You barely miss the ball python. The ball python bites you.
The ball python grabs you.
The ball python constricts you. 😕 HP[-2]
You take 2 damage, and now have 51/53 hp.
You hit the ball python.
You kill the ball python! 😕 HP[+1]
You miss the phantom. Your headbutt misses the phantom.
You block the phantom's attack. The phantom closely misses you.
You furiously retaliate!
You headbutt the phantom, but do no damage.
You barely miss the phantom. The phantom closely misses you.
You closely miss the phantom. The phantom hits you. 😕 HP[-3]
You take 3 damage, and now have 49/53 hp.
You barely miss the phantom.
The phantom closely misses you. 😕 HP[+1]
You barely miss the phantom.
The phantom hits you but does no damage. x2
You completely miss the phantom.
You headbutt the phantom, but do no damage.
The phantom hits you. 😕 HP[-6]
You take 6 damage, and now have 44/53 hp.
You completely miss the phantom. The phantom barely misses you.
You furiously retaliate!
You headbutt the phantom. You hit the phantom. The phantom hits you.
The phantom barely misses you. 😮 HP[-7]
You take 7 damage, and now have 37/53 hp.
You are too injured to fight recklessly!
You are too injured to fight recklessly!
You are too injured to fight recklessly!
You hit the phantom. You headbutt the phantom! The phantom hits you. 😮 HP[-3]
You take 3 damage, and now have 34/53 hp.
You miss the phantom. The phantom hits you!
* * * LOW HITPOINT WARNING * * *
😨 HP[-9]
You take 9 damage, and now have 25/53 hp.
You slash the phantom!
You destroy the phantom!
The endoplasm jiggles.
The ogre barely misses you.
Your Axes skill increases to level 4!
Your base Maces & Flails skill increases to level 3!
Your Armour skill increases to level 5! 😨 HP[+1]
You now have 55 max hp (+2).
You barely miss the ogre.
The ogre hits you with a +0 giant spiked club!!
You die...

Skill      XL: |  1  2  3  4  5  6 |
---------------+-------------------+-----
Maces & Flails | 1 2 3 |  3.2
Dodging        | 1 2 |  2.7
Armour         | 4 5 |  5.0
Fighting       | 4 |  4.8
Axes           | 3 4 |  4.0
Shields        | 4 |  4.9

Action                   |  1- 3 |  4- 6 || total
-------------------------+-------+-------++-------
Melee: War axe           |    56 |    40 ||    96
       Headbutt          |     8 |     5 ||    13
Armor: Scale mail        |    38 |     7 ||    45
Dodge: Dodged            |    43 |    15 ||    58
Block: Buckler           |    19 |     7 ||    26

Levels and vault maps discovered:
D:1:      dpeg_arrival_tiny_a, layout_basic, nicolae_ecumenical_lake_church
D:2:      layout_loops_ring, uniq_sigmund, uniq_natasha
D:3:      layout_rooms, mainiacjoe_overflow_brackets, general_overflow_altar
D:4:      layout_gridville, minmay_temple_entry_hall, serial_shops,
          kennysheep_little_box, kennysheep_minor_cross,
          hangedman_decor_opposing, minmay_joined_circles

Notes
Turn   | Place    | Note
-------+----------+-------------------------------------------
     0 | D:1      | AmazingTV the Minotaur Fighter began the quest for the Orb.
     0 | D:1      | Reached XP level 1. HP: 19/19 MP: 0/0
     0 | D:1      | magus.rc [v1.9.6]
   146 | D:1      | Reached XP level 2. HP: 27/27 MP: 1/1
   319 | D:1      | Reached skill level 1 in Maces & Flails
   353 | D:1      | Found a faded altar of an unknown god.
   506 | D:1      | Reached skill level 1 in Dodging
   693 | D:1      | You fall into a shaft and drop 1 floor!
   853 | D:2      | Reached skill level 4 in Armour
   866 | D:2      | Reached XP level 3. HP: 32/33 MP: 2/2
   935 | D:2      | Noticed Sigmund
   959 | D:2      | Killed Sigmund
   960 | D:2      | Reached skill level 4 in Fighting
   960 | D:2      | Reached skill level 3 in Axes
   960 | D:2      | Reached skill level 2 in Maces & Flails
   960 | D:2      | Reached skill level 2 in Dodging
   960 | D:2      | Reached skill level 4 in Shields
   960 | D:2      | Reached XP level 4. HP: 21/41 MP: 3/3
   960 | D:2      | Reached XP level 5. HP: 24/47 MP: 4/4
  1409 | D:2      | Noticed Natasha
  1417 | D:2      | Killed Natasha
  1575 | D:2      | Noticed Natasha
  1579 | D:2      | Killed Natasha
  1689 | D:2      | Noticed Natasha
  1692 | D:2      | Killed Natasha
  1693 | D:2      | Reached XP level 6. HP: 53/53 MP: 5/5
  1922 | D:3      | Found an ancient bone altar of Kikubaaqudgha.
  1983 | D:3      | Found a stormy altar of Qazlal.
  2240 | D:4      | You pick up a book of Displacement and begin reading...
  2240 | D:4      | You add the spells Lesser Beckoning, Gell's Gravitas and
                  | Teleport Other to your library.
  2308 | D:4      | Reached skill level 4 in Axes
  2308 | D:4      | Reached skill level 3 in Maces & Flails
  2308 | D:4      | Reached skill level 5 in Armour
  2308 | D:4      | Slain by an ogre

Vanquished Creatures
  Sigmund (D:2)
  A phantom (D:4)
  A hound (D:3)
  Natasha (thrice) (D:2)
  3 adders
  2 dart slugs
  6 ball pythons
  5 bats
  4 endoplasms
  3 giant cockroaches
  4 hobgoblins
  2 jackals (D:2)
  2 quokkas (D:1)
  3 frilled lizards (D:1)
  5 goblins
  2 kobolds
  A rat (D:1)
48 creatures vanquished.

Table legend:
 A = Non-vault XP
 B = Vault XP
 C = Vault XP percentage of total XP
 D = Non-vault monster count
 E = Vault monster count
 F = Vault count percentage of total count
                 A         B        C        D         E       F
            +---------+---------+-------+---------+---------+-------
      Total |     219 |     368 |  62.7 |      44 |       4 |   8.3
            +---------+---------+-------+---------+---------+-------
        D:1 |      36 |       0 |   0.0 |      21 |       0 |   0.0
        D:2 |      98 |     258 |  72.5 |      12 |       2 |  14.3
        D:3 |      85 |       0 |   0.0 |      11 |       0 |   0.0
        D:4 |       0 |     110 | 100.0 |       0 |       2 | 100.0
            +---------+---------+-------+---------+---------+-------

Illustrated notes

Table legend:
 A = Kills in this place as a percentage of kills in entire the game.
 B = Kills by you in this place as a percentage of kills by you in the entire game.
 C = Kills by friends in this place as a percentage of kills by friends in the entire game.
 D = Other kills in this place as a percentage of other kills in the entire game.
 E = Experience gained in this place as a percentage of experience gained in the entire game.
 F = Experience gained in this place divided by the number of levels of this place that you have seen.
                   A       B       C       D       E      F
               +-------+-------+-------+-------+-------+----------------------
         Total | 100.0 | 100.0 |   N/A |   N/A | 100.0 | 146.8
       Dungeon | 100.0 | 100.0 |   N/A |   N/A | 100.0 | 146.8
               +-------+-------+-------+-------+-------+----------------------

Table legend: (Time is in decaauts)
 A = Elapsed time spent in this place.
 B = Non-inter-level travel time spent in this place.
 C = Inter-level travel time spent in this place.
 D = Time resting spent in this place.
 E = Time spent auto-exploring this place.
 F = Levels seen in this place.
 G = Mean time per level.
                   A        B        C        D        E       F      G
               +--------+--------+--------+--------+--------+-----+--------+
         Total |   2341 |   2338 |      3 |    257 |   1736 |   4 |  585.2 |
       Dungeon |   2341 |   2338 |      3 |    257 |   1736 |   4 |  585.2 |
               +--------+--------+--------+--------+--------+-----+--------+

Top non-repeatable levels by time:
     D:2: 1069 daAuts
     D:1: 709 daAuts
     D:3: 486 daAuts
     D:4: 75 daAuts
